 Dungeon Crawl Stone Soup version 0.19-a0-1456-gc747e27 (webtiles) character file.

205 Ryco the Magician (level 5, -4/28 HPs)
             Began as a Deep Elf Fire Elementalist on Sept 6, 2016.
             Slain by Grinder (9 damage)
             ... while paralysed by Grinder
             ... on level 5 of the Dungeon.
             The game lasted 00:09:29 (1447 turns).

Ryco the Magician (Deep Elf Fire Elementalist)      Turns: 1447, Time: 00:09:29

Health: -4/28      AC:  2    Str:  8    XL:     5   Next: 52%
Magic:  7/14       EV:  2    Int: 21    God:
Gold:   65         SH:  0    Dex: 15    Spells: 4 memorised, 1 level left

rFire  . . .     SeeInvis .     q - +2 hand axe of Purpose {holy, *Rage MR+ Str+3}
rCold  . . .     Gourm    .     a - +0 robe
rNeg   + . .     Faith    .     (no shield)
rPois  +         Spirit   .     (no helmet)
rElec  .         Dismiss  .     (no cloak)
rCorr  .         Reflect  .     (no gloves)
MR     +....     Harm     .     (no boots)
Stlth  ++........ Rnd*Rage +    (no amulet)
                                j - ring of positive energy
                                k - ring of poison resistance

@: paralysed, very slightly contaminated
A: no striking features
a: no special abilities


You were on level 5 of the Dungeon.
You were not hungry.

You visited 2 branches of the dungeon, and saw 6 of its levels.

You collected 65 gold pieces.

Inventory:

Hand Weapons
 e - a +0 spear
 f - a +0 short sword
 q - the +2 hand axe of Purpose (weapon) {holy, *Rage MR+ Str+3}
   (You found it on level 5 of the Dungeon)

   It has been blessed by the Shining One to cause great damage to the undead
   and demons.
   It affects your strength (+3).
   It affects your resistance to hostile enchantments.
   It may make you go berserk in combat.
Armour
 a - a +0 robe (worn)
Jewellery
 i - an uncursed ring of flight
 j - a ring of positive energy (right hand)
 k - a ring of poison resistance (left hand)
Scrolls
 d - 4 scrolls of identify {unknown}
 h - a scroll of enchant weapon {unknown}
 l - 2 scrolls of remove curse {unknown}
 n - a scroll of recharging {unknown}
 p - a scroll of noise {unknown}
Potions
 g - a potion of invisibility {unknown}
 m - a potion of heal wounds {unknown}
Books
 b - a book of Flames

   Spells                             Type                      Level
   a - Flame Tongue                   Conjuration/Fire             1
   b - Throw Flame                    Conjuration/Fire             2
   c - Conjure Flame                  Conjuration/Fire             3
   d - Inner Flame                    Hexes/Fire                   3
   e - Sticky Flame                   Conjuration/Fire             4
   f - Fireball                       Conjuration/Fire             5
Comestibles
 c - 2 bread rations
 o - 4 fruits


   Skills:
 + Level 0.4 Fighting
 + Level 3.4 Dodging
 - Level 2.4 Stealth
 + Level 5.0 Spellcasting
 * Level 3.7 Conjurations
 + Level 4.0 Fire Magic


You had one spell level left.
You knew the following spells:

 Your Spells              Type           Power        Failure   Level  Hunger
a - Flame Tongue          Conj/Fire      ###..        1%          1    None
c - Conjure Flame         Conj/Fire      ###.....     10%         3    ##.....
f - Fireball              Conj/Fire      ###.......   67%         5    #####..
s - Sticky Flame          Conj/Fire      ###.....     24%         4    ####...


Dungeon Overview and Level Annotations

Branches:
Dungeon (5/15)             Temple (1/1) D:4

Altars:
Dithmenos
Elyvilon
Fedhas
Gozag
Makhleb
Okawaru
Qazlal
Sif Muna
Trog
Uskayaw
Xom
Yredelemnul
Zin
The Shining One

Annotations:
D:3 tijit's ghost, amateur HECj
D:5 Grinder


Message History

Aiming: Sticky Flame
Press: ? - help, Shift-Dir - straight line, f - Grinder
Aim: Grinder The sticky flame hits Grinder.
Grinder is lightly wounded.
Grinder is covered in liquid flames!
Grinder burns!
Grinder hits you!
You writhe in agony.
Grinder burns!
Grinder gestures at you.
You suddenly lose the ability to move!
Grinder burns!
The giant frog hits you.
Grinder burns!
The giant frog hits you. Grinder hits you.
* * * LOW HITPOINT WARNING * * *
You writhe in agony.
* * * LOW HITPOINT WARNING * * *
The giant frog barely misses you.
Grinder burns!
The giant frog hits you.
* * * LOW HITPOINT WARNING * * *
Grinder hits you!
You die...

#.......# #.......#
...<......#
)......###..#......
...................
................>.
......#.####..##'##
................5.#
...............F@.#
..................#
..................#
............#.....#
..................#
###.....#.#.......#
#######.#...#..##
#.######.# #.# ..#


You could see Grinder (burning) and a giant frog.

Vanquished Creatures
  A centaur (D:4)
  An orc priest (D:3)
  An orc wizard (D:3)
  An adder (D:2)
  A worm (D:2)
  A dart slug (D:2)
  The ghost of Ultraviolent4 the Gusty, a weakling DsAE (D:4)
  A giant gecko (D:1)
  9 orcs
  4 giant cockroaches
  2 goblins (D:1)
  A hobgoblin (D:2)
  2 jackals (D:1)
  6 kobolds
  2 quokkas
  6 bats
  2 giant newts
  4 rats
46 creatures vanquished.

Notes
Turn   | Place    | Note
-------+----------+-------------------------------------------
     0 | D:1      | Ryco the Deep Elf Fire Elementalist began the quest for the Orb.
     0 | D:1      | Reached XP level 1. HP: 10/10 MP: 6/6
   231 | D:1      | Reached XP level 2. HP: 15/15 MP: 5/8
   445 | D:1      | Found a glowing golden altar of the Shining One.
   625 | D:2      | Reached skill level 4 in Spellcasting
   625 | D:2      | Reached XP level 3. HP: 19/19 MP: 2/10
   630 | D:2      | Learned a level 3 spell: Conjure Flame
   896 | D:3      | Reached XP level 4. HP: 18/24 MP: 3/12
   902 | D:3      | Learned a level 4 spell: Sticky Flame
   925 | D:3      | Noticed tijit's ghost (amateur HECj)
   989 | D:4      | Noticed a centaur
   994 | D:4      | Killed a centaur
   994 | D:4      | Reached skill level 5 in Spellcasting
   994 | D:4      | Reached XP level 5. HP: 20/28 MP: 7/14
  1015 | D:4      | Found a staircase to the Ecumenical Temple.
  1026 | Temple   | Entered the Ecumenical Temple
  1367 | D:4      | Found a deep blue altar of Sif Muna.
  1367 | D:4      | Found a shadowy altar of Dithmenos.
  1378 | D:4      | Noticed Ultraviolent4's ghost (weakling DsAE)
  1382 | D:4      | Killed Ultraviolent4's ghost
  1409 | D:5      | Entered Level 5 of the Dungeon
  1419 | D:5      | Noticed Grinder
  1420 | D:5      | Got a translucent hand axe
  1423 | D:5      | Identified the +2 hand axe of Purpose {holy, *Rage MR+ Str+3} (You found it on level 5 of the Dungeon)
  1430 | D:5      | Learned a level 5 spell: Fireball
  1444 | D:5      | Paralysed by Grinder for 5 turns
  1447 | D:5      | Slain by Grinder

Vault maps used:
D:1:      dpeg_arrival_tiny_d, tso_metal_star
D:2:      nemelex_xobeh_ov_fountains_minmay
D:4:      gammafunk_temple_overflow_statue, first_bread, minmay_misc_feat_rows,
          serial_bayou_lake_a, uniq_natasha
D:5:      overflow_temple_1_default, minmay_misc_feat_more_columns,
          uniq_prince_ribbit1, uniq_grinder
Temple:   minmay_temple_forest_path

Skill      XL: |  1  2  3  4 |
---------------+-------------+-----
Spellcasting   | 4 5 |  5.0
Conjurations   | 2 3 |  3.7
Dodging        | 3 |  3.4
Fire Magic     | 4 |  4.0
Fighting       | |  0.4
Stealth        | |  2.4

Action                   |  1- 3 |  4- 6 || total
-------------------------+-------+-------++-------
Melee: Short sword       |    25 |       ||    25
 Cast: Flame Tongue      |    71 |    23 ||    94
       Sticky Flame      |       |     2 ||     2
  Eat: Bread ration      |       |     1 ||     1
Armor: Robe              |    18 |       ||    18
Dodge: Dodged            |    42 |     8 ||    50
